Workbook

Sheet NAME
A1: Letter | B1: Code | C1: Number | D1: APPLY | F1: ANGIE | G1: =SUM(D2:D6) -> 36000
A2: A | B2: =CODE(A2) -> 65 | C2: 64 | D2: =(B2-C2)*1000 -> 1000
A3: N | B3: =CODE(A3) -> 78 | C3: 64 | D3: =(B3-C3)*1000 -> 14000
A4: G | B4: =CODE(A4) -> 71 | C4: 64 | D4: =(B4-C4)*1000 -> 7000
A5: I | B5: =CODE(A5) -> 73 | C5: 64 | D5: =(B5-C5)*1000 -> 9000
A6: E | B6: =CODE(A6) -> 69 | C6: 64 | D6: =(B6-C6)*1000 -> 5000
A7: F | B7: =CODE(A7) -> 70 | C7: 64 | D7: =(B7-C7)*1000 -> 6000
A8: G | B8: =CODE(A8) -> 71 | C8: 64 | D8: =(B8-C8)*1000 -> 7000
A9: H | B9: =CODE(A9) -> 72 | C9: 64 | D9: =(B9-C9)*1000 -> 8000
A10: I | B10: =CODE(A10) -> 73 | C10: 64 | D10: =(B10-C10)*1000 -> 9000
A11: J | B11: =CODE(A11) -> 74 | C11: 64 | D11: =(B11-C11)*1000 -> 10000
A12: K | B12: =CODE(A12) -> 75 | C12: 64 | D12: =(B12-C12)*1000 -> 11000
A13: L | B13: =CODE(A13) -> 76 | C13: 64 | D13: =(B13-C13)*1000 -> 12000
... A27: Z | B27: =CODE(A27) -> 90 | C27: 64 | D27: =(B27-C27)*1000 -> 26000

Sheet Jardine
B1: Jardine System Company
B2: Work Sheet
B3: For Year Ended December 31, 2020
C4: Unadjusted | I4: Adjusted
A5: No. | B5: Account Title | C5: Trial Balance | F5: Adjustments | I5: Trial Balance
C6: DR | D6: CR | F6: DR | H6: CR | I6: DR | J6: CR
A7: 201 | B7: Accounts payable | D7: 65000 | G7: (d) | H7: 54300 | I7: =C7+F7 -> 0 | J7: =D7+H7 -> 119300
A8: 126 | B8: Accounts Receivables | C8: 357000 | H8: 13000 | I8: =C8-H8 -> 344000
A9: 168 | B9: Accumulated depreciation-Building | D9: 125000 | G9: (c) | H9: 185000 | I9: =C9+F9 -> 0 | J9: =D9+H9 -> 310000
A10: 633 | B10: Advertising expenses | C10: 47000 | E10: (d) | F10: 5000 | I10: =C10+F10 -> 52000 | J10: =D10+H10 -> 0
A11: 685 | B11: Amortization expense | C11: 102000 | I11: =C11+F11 -> 102000 | J11: =D11+H11 -> 0
A12: 167 | B12: Building | C12: 750000 | I12: =C12+F12 -> 750000
A13: 101 | B13: Cash | C13: 215000 | I13: =C13+F13 -> 215000
A14: 301 | B14: Common Stock | D14: 400000 | I14: =C14+F14 -> 0 | J14: =D14+H14 -> 400000
A15: 501 | B15: Cost of Goods Sold | C15: 1450000 | E15: (a) | F15: 13000 | I15: =C15+F15 -> 1463000 | J15: =D15+H15 -> 0
A16: 612 | B16: Depreciation-Equipment | E16: (c) | F16: 185000 | I16: =C16+F16 -> 185000 | J16: =D16+H16 -> 0
A17: 637 | B17: Insurance expense | E17: (d) | F17: 4300 | I17: =C17+F17 -> 4300 | J17: =D17+H17 -> 0
A18: 684 | B18: Interest expense | C18: 70000 | I18: =C18+F18 -> 70000 | J18: =D18+H18 -> 0
A19: 203 | B19: Interest payable | D19: 30000 | I19: =C19+F19 -> 0 | J19: =D19+H19 -> 30000
A20: 131 | B20: Inventory | C20: 29000 | E20: (b) | F20: 4300 | I20: =C20+F20 -> 33300
A21: 176 | B21: Land | C21: 70000 | I21: =C21+F21 -> 70000 | J21: =D21+H21 -> 0
A22: 251 | B22: Long-term notes payable | D22: 254000 | I22: =C22+F22 -> 0 | J22: =D22+H22 -> 254000
A23: 430 | B23: Other Revenue | D23: =NAME!G1 -> 36000 | I23: =C23+F23 -> 0 | J23: =D23+H23 -> 36000
A24: 640 | B24: Rent expense | C24: 36000 | E24: (d) | F24: 6000 | I24: =C24+F24 -> 42000 | J24: =D24+H24 -> 0
A25: 208 | B25: Rent payable | G25: (e) | H25: 10000 | I25: =C25+F25 -> 0 | J25: =D25+H25 -> 10000
A26: 686 | B26: Repairs expense | C26: 32000 | E26: (d) | F26: 41000 | I26: =C26+F26 -> 73000 | J26: =D26+H26 -> 0
A27: 305 | B27: Retained Earnings | D27: 635000 | G27: (b) | H27: 4300 | I27: =C27+F27 -> 0 | J27: =D27+H27 -> 639300
A28: 683 | B28: Salaries expense | C28: 899000 | E28: (e) | F28: 8000 | I28: =C28+F28 -> 907000 | J28: =D28+H28 -> 0
A29: 401 | B29: Sales | C29: 2721000 | J29: =C29+H29 -> 2721000
A30: 202 | B30: Short-term notes payable | D30: 70000 | I30: =C30+F30 -> 0 | J30: =D30+H30 -> 70000
A31: 129 | B31: Short-term Receivables | C31: =NAME!G1 -> 36000 | I31: =C31+F31 -> 36000
A32: 186 | B32: Trade Marks / Patents | C32: 200000 | I32: =C32+F32 -> 200000 | J32: =D32+H32 -> 0
A33: 690 | B33: Utilities expense | C33: 43000 | I33: =C33+F33 -> 43000 | J33: =D33+H33 -> 0
B34: Totals | C34: =SUM(C7:C33) -> 7057000 | D34: =SUM(D7:D33) -> 1615000 | I34: =SUM(I7:I33) -> 4589600 | J34: =SUM(J7:J33) -> 4589600

Sheet Single Step Income
B1: Jardine System Company
B2: Single-step Income Statement
B3: For Year Ended December 31, 2020
A5: Revenues | B5: Sales | C5: =Jardine!J29 -> 2721000
B6: Other Revenue | C6: =Jardine!J23 -> 36000
B7: Total Revenue | C7: =C5+C6 -> 2757000
A9: Expenses | B9: Cost of Goods Sold | C9: =Jardine!I15 -> 1463000
B10: Advertising expenses | C10: =Jardine!I10 -> 52000
B11: Amortization expense | C11: =Jardine!I11 -> 102000
B12: Insurance expense | C12: =Jardine!I17 -> 4300
B13: Depreciation-Equipment | C13: =Jardine!I16 -> 185000
B14: Interest expense | C14: =Jardine!I18 -> 70000
B15: Rent expense | C15: =Jardine!I24 -> 42000
B16: Repairs expense | C16: =Jardine!I26 -> 73000
B17: Salaries expense | C17: =Jardine!I28 -> 907000
B18: Utilities expense | C18: =Jardine!I33 -> 43000
B19: Total expenses | C19: =C9+C10+C11+C12+C13+C14+C15+C16+C17+C18 -> 2941300
B21: Net Income | C21: =C7-C19 -> -184300
B24: Federal Income tax is paid at 28% flat rate on the net income. In this case, the net income was a loss of $184,300. With the net income being a loss, the federal income tax will not be applied in this case.

Sheet Statement of Owner's Equity
B1: Jardine System Company
B2: Statement of Owner's Equity
B3: For Year Ended December 31, 2020
B4: Capital, January 1 | D4: 0
B5: Common Stock | C5: =Jardine!J14 -> 400000
B6: Retained Earnings | C6: =Jardine!J27 -> 639300
B7: Net income | C7: ='Single Step Income'!C21 -> -184300
B8: Increase in Owner's equity | D8: =C5+C6+C7 -> 855000
B9: Capital, December 31 | D9: =D4+D8 -> 855000

Sheet Classified Balance Sheet
B1: Jardine System Company
B2: Balance Sheet
B3: As of December 31, 2020
A4: Assets | B4: Current Assets | C4: Dr | D4: Cr
B5: Cash | C5: =Jardine!I13 -> 215000
B6: Accounts Receivables | C6: =Jardine!I8 -> 344000
B7: Inventory | C7: =Jardine!I20 -> 33300
B8: Short-term Receivables | C8: =Jardine!I31 -> 36000
B9: Total current Assets | C9: =C5+C6+C7+C8 -> 628300
B10: Non- current Assets
B11: Building net | C11: =Jardine!I12-Jardine!J9 -> 440000
B12: Land | C12: =Jardine!I21 -> 70000
B13: Trade Marks / Patents | C13: =Jardine!I32 -> 200000
B14: Total Non-current Assets | C14: =C11+C12+C13 -> 710000
B15: Total Assets | C15: =C9+C14 -> 1338300
A16: Liabilities | B16: Current Liabilities
B17: Rent payable | D17: =Jardine!J25 -> 10000
B18: Short-term notes payable | D18: =Jardine!J30 -> 70000
B19: Interest payable | D19: =Jardine!J19 -> 30000
B20: Accounts payable | D20: =Jardine!J7 -> 119300
B21: Total Current Liabilities | D21: =D17+D18+D19+D20 -> 229300
B22: Non-current Liabilities
B23: Long-term notes payable | D23: =Jardine!J22 -> 254000
B24: Total Non-current Liabilities | D24: =D23 -> 254000
B25: Total Liabilities | D25: =D21+D24 -> 483300
A26: Owner's Equity
B27: Common Stock | D27: =Jardine!J14 -> 400000
B28: Retained Earnings | D28: =Jardine!J27+'Single Step Income'!C21 -> 455000
B29: Total Equity | D29: =D27+D28 -> 855000
B31: Balanced Figures | C31: =C15 -> 1338300 | D31: =D25+D29 -> 1338300
A34: Building net = Building - Accumulated depreciation for Building (750,000 - 310,000 = 440,000)
A39: Retained Earnings as of December 31, 2021 = Beginning balance + Net income - Dividends (639,300-184,300 = 455000)
